 Dungeon Crawl Stone Soup version 0.28.0 (webtiles) character file.

Game seed: 6075514641907452878

48 BorgnjorsVileCrotch the Chiller (level 3, 0/24 HPs)
             Began as a Barachi Ice Elementalist on Feb 8, 2022.
             Was an Initiate of Sif Muna.
             Slain by an adder skeleton (1 damage)
             ... on level 4 of the Dungeon.
             The game lasted 00:02:17 (363 turns).

BorgnjorsVileCrotch the Chiller (BaIE)               Turns: 363, Time: 00:02:18

Health: 0/24       AC:  2    Str:  9    XL:     3   Next: 72%
Magic:  2/6        EV: 13    Int: 17    God:    Sif Muna [......]
Gold:   48         SH:  0    Dex: 20    Spells: 5/6 levels left

rFire   x . .      SeeInvis .   (no weapon)
rCold   + . .      Faith    .   (no shield)
rNeg    . . .      Spirit   .   a - +0 robe
rPois   .          Reflect  .   (no helmet)
rElec   +          Harm     .   (no cloak)
rCorr   .          Rampage  .   (no gloves)
Will    .....                   (no boots)
Stlth   ++........              (no amulet)
HPRegen 0.08/turn               d - ring of Liberty {Ice *Corrode Fly rElec Dex+8}
MPRegen 0.10/turn               (no ring)

@: flying, invisible, slow
A: amphibious, slowness 1, strong legs 1, +LOS
a: Hop, Renounce Religion


You were on level 4 of the Dungeon.
You worshipped Sif Muna.
Sif Muna was noncommittal.
You visited 2 branches of the dungeon, and saw 5 of its levels.

You collected 48 gold pieces.

Inventory:

Armour
 a - a +0 robe (worn)
Jewellery
 d - the ring of Liberty (left hand) {Ice *Corrode Fly rElec Dex+8}
   (You found it on level 4 of the Dungeon)

   [ring of ice]

   It enhances your ice magic.
   Dex:       It affects your dexterity (+8).
   rF:        It makes you vulnerable to fire.
   rC:        It protects you from cold.
   rElec:     It insulates you from electricity.
   Fly:       It grants you flight.
   *Corrode:  It may corrode you when you take damage.
Scrolls
 b - a scroll of brand weapon {unknown}
 e - a scroll of blinking {unknown}
 g - a scroll of identify {unknown}
 h - a scroll of fog {unknown}
 i - a scroll of immolation {unknown}
Potions
 c - a potion of attraction {unknown}
 f - a potion of invisibility
 j - a potion of ambrosia {unknown}


   Skills:
 - Level 2.1 Dodging
 - Level 1.7 Stealth
 - Level 2.1 Spellcasting
 + Level 6.4 Ice Magic


You had 5 spell levels left.
You knew the following spells:

 Your Spells              Type           Power      Damage    Failure   Level
a - Freeze                Ice            100%       1d11      1%          1

Your spell library contained the following spells:

 Spells                   Type           Power      Damage    Failure   Level
 Frozen Ramparts          Ice            70%        1d9       4%          3
 Ozocubu's Armour         Ice            35%        N/A       4%          3
 Hailstorm                Conj/Ice       19%        3d6       45%         4


Dungeon Overview and Level Annotations

Branches:
Dungeon (4/15)             Temple (1/1) D:4

Altars:
Cheibriados
Dithmenos
Gozag
Hepliaklqana
Kikubaaqudgha
Nemelex Xobeh
Okawaru
Qazlal
Ru
Sif Muna
Uskayaw
Vehumet
Wu Jian
Xom
Yredelemnul
The Shining One


Innate Abilities, Weirdness & Mutations

You are amphibious.
You cover ground slowly.
You can hop short distances.
You have an extended range of vision and can be seen from far away.


Message History

Confirm with . or Enter, or press ? or * to list all spells.
Aiming: Freeze (safe; 1% risk of failure)
Press: ? - help, Shift-Dir - straight line, f - jelly
Aim: a jelly You feel a surge of power!
You freeze the jelly!
The jelly is heavily wounded.
The jelly hits you.
You are splashed with acid!
Casting: Freeze (safe; 1% risk of failure)
Confirm with . or Enter, or press ? or * to list all spells.
Aiming: Freeze (safe; 1% risk of failure)
Press: ? - help, Shift-Dir - straight line, f/p - jelly
Aim: a jelly (heavily wounded)
You feel a surge of power!
You freeze the jelly.
The jelly is heavily wounded.
The jelly closely misses you.
Casting: Freeze (safe; 1% risk of failure)
Confirm with . or Enter, or press ? or * to list all spells.
Aiming: Freeze (safe; 1% risk of failure)
Press: ? - help, Shift-Dir - straight line, f/p - jelly
Aim: a jelly (heavily wounded)
You feel a surge of power!
You freeze the jelly!
You kill the jelly!
Sif Muna accepts your kill.
Your Ice Magic skill increases to level 6!
You have reached level 3!
Your experience leads to an increase in your attributes!
Your base attributes are Str 9, Int 15, Dex 12.
Increase (s)trength, (i)ntelligence, or (d)exterity?
You feel clever. x2
Okay, then.
You hit the adder skeleton.
The adder skeleton is lightly damaged.
The adder skeleton bites you but does no damage.
You hit the adder skeleton but do no damage.
The adder skeleton is lightly damaged.
The adder skeleton closely misses you.
You hit the adder skeleton.
The adder skeleton is moderately damaged.
The adder skeleton barely misses you.
You closely miss the adder skeleton.
The adder skeleton is moderately damaged.
The adder skeleton bites you.
You hit the adder skeleton.
The adder skeleton is moderately damaged.
The adder skeleton bites you.
You hit the adder skeleton.
The adder skeleton is heavily damaged.
The adder skeleton misses you.
You hit the adder skeleton but do no damage.
The adder skeleton is heavily damaged.
The adder skeleton closely misses you.
You hit the adder skeleton.
The adder skeleton is heavily damaged.
The adder skeleton completely misses you.
The adder skeleton misses you.
You hit the adder skeleton but do no damage.
The adder skeleton is heavily damaged.
The adder skeleton closely misses you.
You completely miss the adder skeleton.
The adder skeleton is heavily damaged.
The adder skeleton closely misses you.
You completely miss the adder skeleton.
The adder skeleton is heavily damaged.
The adder skeleton misses you.
You hit the adder skeleton.
The adder skeleton is severely damaged.
The adder skeleton misses you.
You hit the adder skeleton but do no damage.
The adder skeleton is severely damaged.
The adder skeleton misses you.
You hit the adder skeleton.
The adder skeleton is almost destroyed.
The adder skeleton bites you.
You closely miss the adder skeleton.
The adder skeleton is almost destroyed.
The adder skeleton barely misses you.
You hit the adder skeleton.
The adder skeleton is almost destroyed.
The adder skeleton closely misses you.
You hit the adder skeleton but do no damage.
The adder skeleton is almost destroyed.
The adder skeleton bites you.
* * * LOW HITPOINT WARNING * * *
You hit the adder skeleton but do no damage.
The adder skeleton is almost destroyed.
The adder skeleton bites you but does no damage.
The adder skeleton misses you.
Casting: Freeze (safe; 1% risk of failure)
Confirm with . or Enter, or press ? or * to list all spells.
Aiming: Freeze (safe; 1% risk of failure)
Press: ? - help, Shift-Dir - straight line, f - adder skeleton
Aim: an adder skeleton (almost destroyed)
You feel a surge of power!
You freeze the adder skeleton but do no damage.
The adder skeleton completely resists.
The adder skeleton bites you.
* * * LOW HITPOINT WARNING * * *
It was a potion of invisibility.
You fade into invisibility!
The adder skeleton bites you.
You die...

..........# .........##
.#.......# #........#
####J...## # .....#. ###
.# .#.#.#.##########...#
..................†....##
.........$.....#@.......#
...............Z#..####..#
................#.## #
.>................#
..............###
......<.....#
.........$..#
............#
...##.......#


You could see an adder skeleton.

Vanquished Creatures
  A jelly (D:4)
  An adder (D:4)
  2 ball pythons (D:4)
  2 bats
  An endoplasm (D:3)
  A goblin (D:2)
  A hobgoblin (D:4)
  A rat (D:3)
10 creatures vanquished.

Notes
Turn   | Place    | Note
-------+----------+-------------------------------------------
     0 | D:1      | BorgnjorsVileCrotch the Barachi Ice Elementalist began the
                  | quest for the Orb.
     0 | D:1      | Reached XP level 1. HP: 13/13 MP: 3/3
    97 | D:3      | Reached skill level 5 in Ice Magic
   124 | D:3      | You fall into a shaft and drop 1 floor!
   135 | D:4      | Found a staircase to the Ecumenical Temple.
   140 | Temple   | Entered the Ecumenical Temple
   177 | Temple   | Became a worshipper of Sif Muna the Loreminder
   199 | D:4      | Identified the ring of Liberty {Ice *Corrode Fly rElec
                  | Dex+8}
   207 | D:4      | Reached XP level 2. HP: 19/19 MP: 1/5
   344 | D:4      | Reached skill level 6 in Ice Magic
   344 | D:4      | Reached XP level 3. HP: 12/24 MP: 1/6
   362 | D:4      | HP: 1/24 [adder skeleton (4)]
   363 | D:4      | Slain by an adder skeleton

Illustrated notes

Levels and vault maps discovered:
D:1:      amcnicky_arrival_double_pillar, layout_basic,
          shapermc_ecumenical_altar_flowoftime
D:2:      layout_basic, minmay_tall_x
D:3:      layout_loops_cross, minmay_statues_item, patterned_corridor
D:4:      minmay_wonky_spiral, layout_rooms, minmay_temple_entry_arrows,
          nrook_loot_triangle, guppyfry_early_orc_mine
Temple:   mainiacjoe_temple_coin_purse

Skill      XL: |  1  2 |
---------------+-------+-----
Ice Magic      | 5 6 |  6.4
Dodging        | |  2.1
Stealth        | |  1.7
Spellcasting   | |  2.1

Action                   || total
-------------------------++-------
Melee: Unarmed           ||    18
 Cast: Freeze            ||    15
  Use: Potion            ||     1
Armor: Robe              ||     3
Dodge: Dodged            ||    22
